 Dungeon Crawl Stone Soup version 0.29.1-15-g9cfb28693d (webtiles) character file.

Game seed: 8591349761554311879

42 hawla the Firebug (level 4, -2/33 HPs)
             Began as a Meteoran Fire Elementalist on Feb 21, 2023.
             Slain by an orc
             ... wielding a +0 flail
              (6 damage)
             ... on level 4 of the Dungeon.
             The game lasted 00:03:17 (509 turns).

hawla the Firebug (Meteoran Fire Elementalist)       Turns: 509, Time: 00:03:18

Health: -2/33      AC:  2    Str:  9    XL:     4   Next: 3%
Magic:  7/10       EV: 13    Int: 18    God:
Gold:   32         SH:  0    Dex: 15    Spells: 6/9 levels left

rFire   . . .      SeeInvis .   i - staff of earth
rCold   . . .      Faith    .   (no shield)
rNeg    . . .      Spirit   .   a - +0 robe
rPois   .          Reflect  .   (no helmet)
rElec   .          Harm     .   (no cloak)
rCorr   .          Rampage  .   (no gloves)
Will    .....                   (no boots)
Stlth   +.........              (no amulet)
HPRegen 0.11/turn               (no ring)
MPRegen 0.12/turn               (no ring)

@: attractive, glowing
A: sense surroundings 1, otherworldly, glowing, explore regen
a: no special abilities


You were on level 4 of the Dungeon.
You visited 1 branch of the dungeon, and saw 4 of its levels.

You collected 32 gold pieces.

Inventory:

Armour
 a - a +0 robe (worn)
Magical Staves
 i - a staff of earth (weapon)
Scrolls
 c - a scroll of teleportation {unknown}
 d - a scroll of blinking {unknown}
 f - a scroll of enchant weapon {unknown}
 h - a scroll of noise {unknown}
Potions
 b - a potion of magic
 g - a potion of resistance {unknown}


   Skills:
 - Level 2.7 Dodging
 - Level 1.4 Stealth
 - Level 3.4 Spellcasting
 - Level 1.5 Conjurations
 - Level 4.6 Fire Magic


You had 6 spell levels left.
You knew the following spells:

 Your Spells              Type           Power      Damage    Failure   Level
a - Foxfire               Conj/Fire      56%        2x1d6     4%          1
b - Scorch                Fire           38%        2d6       3%          2

Your spell library contained the following spells:

 Spells                   Type           Power      Damage    Failure   Level
 Conjure Flame            Conj/Fire      14%        6-21      13%         3
 Inner Flame              Hex/Fire       11%        N/A       19%         3
 Flame Wave               Conj/Fire      14%        2d6       41%         4


Dungeon Overview and Level Annotations

Branches:
Dungeon (4/15) Zot: 1891
 Temple: D:4-7

Altars:


Innate Abilities, Weirdness & Mutations

You passively map a small area around you.
You are easily found by Zot.
You glow in the dark.
You regain HP and MP as you explore.


Message History

You hit the orc wizard.
The orc wizard is moderately wounded.
The orc barely misses you.
Casting: Foxfire (safe; 4% risk of failure)
Confirm with . or Enter, or press ? or * to list all spells.
You conjure some foxfire!
The orc wizard hits you with a +0 dagger.
The orc hits you with a +0 hand axe.
The orc hits your foxfire with a +0 hand axe.
The orc hits you with a +0 flail.
Casting: Foxfire (safe; 4% risk of failure)
Confirm with . or Enter, or press ? or * to list all spells.
You conjure some foxfire!
The foxfire hits the orc wizard.
The orc wizard is heavily wounded.
The foxfire hits the orc.
The orc is moderately wounded.
The orc hits you with a +0 hand axe. The orc closely misses you.
The orc priest hits you with a +0 flail.
The orc wizard hits you but does no damage.
Casting: Foxfire (safe; 4% risk of failure)
Confirm with . or Enter, or press ? or * to list all spells.
You conjure some foxfire!
The foxfire hits the orc wizard.
The orc wizard is heavily wounded.
The foxfire hits the ball python.
You kill the ball python!
The orc priest hits you with a +0 flail!
The orc closely misses you. The orc barely misses your foxfire.
The orc wizard hits you with a +0 dagger.
A goblin comes into view. It is wielding a +0 club.
The orc hits you with a +0 flail.
* * * LOW HITPOINT WARNING * * *
It was a potion of attraction.
You feel attractive to monsters.
The foxfire hits the orc wizard but does no damage.
The orc wizard is heavily wounded.
The foxfire hits the orc.
The orc is heavily wounded.
The orc wizard hits you but does no damage.
The orc barely misses you. The orc hits you with a +0 flail.
You die...

, ...###* , ....# ...# , , ,
#####...#####......... ,
#.........##.....#.#. ,
#.................$. # , ,,
#..............#(#.####.#
#.........†..>.=........*
#..)....§.o..........# .###
#........@o....g.....#
.....###.†......oo........o<#
.....)<........##..........##
######................#...##
####.#####....#..##### #..#
......## *#..#** ..#...# * *
* .... ......# *, , ##...
.....**


You could see an orc priest, an orc wizard, 2 orcs and a goblin.

Vanquished Creatures
  2 adders
  4 dart slugs
  An orc (D:4)
  2 ball pythons
  An endoplasm (D:1)
  A goblin (D:4)
  2 hobgoblins (D:1)
  A jackal (D:1)
  A bat (D:3)
  A frilled lizard (D:1)
16 creatures vanquished.

Vanquished Creatures (others)
  44 foxfires
  A fungus (D:2)
45 creatures vanquished.

Grand Total: 61 creatures vanquished

Notes
Turn   | Place    | Note
-------+----------+-------------------------------------------
     0 | D:1      | hawla the Meteoran Fire Elementalist began the quest for
                  | the Orb.
     0 | D:1      | Reached XP level 1. HP: 14/14 MP: 5/5
   112 | D:1      | Reached XP level 2. HP: 16/20 MP: 6/6
   125 | D:1      | Reached skill level 4 in Fire Magic
   354 | D:4      | Reached XP level 3. HP: 24/26 MP: 4/8
   488 | D:4      | Learned a level 2 spell: Scorch
   491 | D:4      | Reached XP level 4. HP: 33/33 MP: 5/10
   509 | D:4      | Slain by an orc

Illustrated notes

Levels and vault maps discovered:
D:1:      dpeg_arrival_rooms_with_view, layout_loops_corners,
          minmay_misc_feat_alley, minmay_strange_pillars
D:2:      layout_basic, basic_altar, dreamdust_ecumenical_altar_grove
D:3:      layout_loops_corners, moated_statue, kennysheep_big_empty_room
D:4:      layout_rooms, nzn_hepliaklqana_mist_gate, cheibrodos_sewer_entry_bend,
          hangedman_decor_points, supply_closet_lemuel, uniq_duvessa

Skill      XL: |  1  2 |
---------------+-------+-----
Fire Magic     | 4 |  4.6
Spellcasting   | 3 |  3.4
Dodging        | |  2.7
Stealth        | |  1.4
Conjurations   | |  1.5

Action                   |  1- 3 |  4- 6 || total
-------------------------+-------+-------++-------
Melee: Unarmed           |     3 |       ||     3
       Staff             |       |     1 ||     1
 Cast: Foxfire           |    26 |     4 ||    30
  Use: Potion            |       |     1 ||     1
Armor: Robe              |     6 |     2 ||     8
Dodge: Dodged            |     8 |     4 ||    12
